 Dungeon Crawl Stone Soup version 0.18-a0-1721-gc4d1f22 (webtiles) character file.

25 Chiseanne the Gusty (level 2, 0/23 HPs)
             Began as a Centaur Air Elementalist on Apr 9, 2016.
             Slain by an adder (3 damage)
             ... on level 2 of the Dungeon.
             The game lasted 00:03:08 (1737 turns).

Chiseanne the Gusty (Centaur Air Elementalist)      Turns: 1737, Time: 00:03:08

Health: 0/23       AC:  4    Str: 10    XL:     2   Next: 86%
Magic:  1/4        EV: 10    Int: 14    God:
Gold:   74         SH:  0    Dex:  9    Spells: 1 memorised, 3 levels left

rFire  . . .     SeeInvis .     m - -3 dagger (curse)
rCold  . . .     Gourm    .     a - +0 robe
rNeg   + . .     Faith    .     (no shield)
rPois  .         Spirit   .     (no helmet)
rElec  .         Dismiss  .     (no cloak)
rCorr  .         Reflect  .     (no gloves)
SustAt .         Harm     .     (no barding)
MR     .....                    (no amulet)
Stlth  +.........               (no ring)
                                l - ring of positive energy

@: lethally poisoned (0 -> -9), very quick, not resistant to hostile
enchantments, very unstealthy
A: hooves 3, deformed body, speed 2, tough skin 3
a: no special abilities


You were on level 2 of the Dungeon.
You were not hungry.

You visited 1 branch of the dungeon, and saw 2 of its levels.

You collected 74 gold pieces.

Inventory:

Hand Weapons
 e - a +0 club
 m - a cursed -3 dagger (weapon)
Missiles
 d - 15 arrows
 h - 14 bolts
Armour
 a - a +0 robe (worn)
 k - a +0 scale mail
 n - a cursed -2 chain mail
Jewellery
 l - a ring of positive energy (left hand)
Potions
 f - a potion of resistance {unknown}
 g - a potion of flight {unknown}
 j - a potion of curing {unknown}
 o - a potion of cancellation {unknown}
Books
 b - a book of Air

   Spells                             Type                      Level
   a - Shock                          Conjuration/Air              1
   b - Swiftness                      Charms/Air                   2
   c - Repel Missiles                 Charms/Air                   2
   d - Static Discharge               Conjuration/Air              3
   e - Lightning Bolt                 Conjuration/Air              5
Comestibles
 c - 2 bread rations
 i - 3 fruits


   Skills:
 + Level 1.1 Fighting
 * Level 1.9 Dodging
 - Level 1.2 Stealth
 * Level 1.8 Spellcasting
 - Level 0.8 Conjurations
 + Level 2.8 Air Magic


You had 3 spell levels left.
You knew the following spells:

 Your Spells              Type           Power        Failure   Level  Hunger
a - Shock                 Conj/Air       #...         14%         1    ##.....


Dungeon Overview and Level Annotations

Branches:
Dungeon (2/15)

Altars:
The Shining One


Innate Abilities, Weirdness & Mutations

You have hooves in place of feet.
Armour fits poorly on your strangely shaped body.
You cover ground very quickly.
You have extremely tough skin (AC +3).


Message History

You hit the adder but do no damage.
The adder is lightly wounded.
The bat hits you but does no damage. x2; The adder barely misses you.
The adder bites you.
You are more poisoned.
The adder poisons you!
You closely miss the bat.
You feel sick. The bat hits you. The bat hits you but does no damage.
The adder bites you but does no damage.
You hit the bat but do no damage. The bat barely misses you. x2
The adder closely misses you.
You closely miss the bat. You kick the bat, but do no damage.
You feel sick. The bat hits you but does no damage. The adder bites you.
* * * LOW HITPOINT WARNING * * *
You are more poisoned.
The adder poisons you! The adder barely misses you.
You barely miss the bat.
* * * LOW HITPOINT WARNING * * *
You feel sick. The bat closely misses you. The bat hits you but does no damage.
The bat barely misses you. The adder bites you.
You die...

## . . ### .#
.....##### #.# #
.%....b@.####..#..#
########S#.......#
#...<...# ###.....#
#.[..## #.....#
..$..... .##......#
# #......#


You could see an adder and a bat.

Vanquished Creatures
  2 dart slugs (D:1)
  A giant cockroach (D:1)
  4 goblins (D:1)
  4 hobgoblins (D:1)
  A kobold (D:1)
  4 bats (D:1)
  2 giant newts (D:1)
  2 rats (D:1)
20 creatures vanquished.

Notes
Turn   | Place    | Note
--------------------------------------------------------------
     0 | D:1      | Chiseanne the Centaur Air Elementalist began the quest for the Orb.
     0 | D:1      | Reached XP level 1. HP: 14/14 MP: 3/3
   501 | D:1      | Reached XP level 2. HP: 19/22 MP: 0/4
   891 | D:1      | Reached skill level 1 in Fighting
  1682 | D:1      | Found a glowing golden altar of the Shining One.
  1737 | D:2      | Slain by an adder

Vault maps used:
D:1:      ncdulo_smallfort, tso_altar
D:2:      lemuel_blue_sif_altar, first_bread, ecumenical_altar_2,
          corner_web_ring

Skill      XL: |  1  2 |
---------------+-------+-----
Fighting       | 1 |  1.1
Dodging        | |  1.9
Stealth        | |  1.2
Spellcasting   | |  1.8
Conjurations   | |  0.8
Air Magic      | |  2.8

Action                   || total
-------------------------++-------
Melee: Club              ||    35
       Unarmed           ||     8
       Dagger            ||    27
 Cast: Shock             ||    43
  Use: Scroll            ||     4
  Eat: Chunk             ||     3
